 Dungeon Crawl Stone Soup version 0.19.5 (webtiles) character file.

71 Haldmier the Slasher (level 4, -7/29 HPs)
             Began as a High Elf Skald on Apr 16, 2017.
             Mangled by a gnoll
             ... wielding a +0 spear
              (11 damage)
             ... on level 2 of the Dungeon.
             The game lasted 00:05:30 (2126 turns).

Haldmier the Slasher (High Elf Skald)               Turns: 2126, Time: 00:05:31

Health: -7/29      AC:  3    Str: 12    XL:     4   Next: 5%
Magic:  4/8        EV: 11    Int: 16    God:
Gold:   94         SH:  0    Dex: 14    Spells: 3 memorised, 1 level left

rFire  . . .     SeeInvis .     h - +0 dagger (speed)
rCold  . . .     Gourm    .     b - +0 leather armour
rNeg   . . .     Faith    .     (no shield)
rPois  .         Spirit   .     (no helmet)
rElec  .         Reflect  .     (no cloak)
rCorr  .         Harm     .     (no gloves)
MR     .....                    (no boots)
Stlth  +.........               (no amulet)
                                (no ring)
                                (no ring)

@: no status effects
A: no striking features
a: no special abilities


You were on level 2 of the Dungeon.
You were not hungry.

You visited 1 branch of the dungeon, and saw 2 of its levels.

You collected 94 gold pieces.

Inventory:

Hand Weapons
 a - a +0 falchion
 e - a +0 short sword of holy wrath
 h - a +0 dagger of speed (weapon)
 t - a +3 rapier of speed
Missiles
 f - 43 stones (quivered)
 n - 2 throwing nets
Armour
 b - a +0 leather armour (worn)
 l - a +0 ring mail
Scrolls
 g - a scroll of recharging {unknown}
 k - a scroll of amnesia {unknown}
 m - a scroll of fog {unknown}
 o - 3 scrolls of immolation {unknown}
 q - 4 scrolls of remove curse {unknown}
 r - a scroll of identify {unknown}
Potions
 j - a potion of cancellation {unknown}
 p - a potion of degeneration {unknown}
 u - 2 potions of might {unknown}
Books
 c - a book of Battle

   Spells                             Type                      Level
   a - Infusion                       Charms                       1
   b - Shroud of Golubria             Charms/Translocation         2
   c - Song of Slaying                Charms                       2
   d - Spectral Weapon                Hexes/Charms                 3
   e - Regeneration                   Charms/Necromancy            3
Comestibles
 d - a bread ration
 i - 3 fruits
 s - a slice of pizza
 v - a beef jerky


   Skills:
 - Level 2.0 Fighting
 + Level 4.2 Long Blades
 - Level 0.8 Armour
 - Level 1.1 Dodging
 - Level 2.4 Spellcasting
 * Level 1.0 Hexes
 - Level 3.6 Charms
 + Level 2.1 Translocations


You had one spell level left.
You knew the following spells:

 Your Spells              Type           Power        Failure   Level  Hunger
a - Infusion              Chrm           ##..         8%          1    #......
b - Shroud of Golubria    Chrm/Tloc      ##........   12%         2    ###....
c - Spectral Weapon       Hex/Chrm       #.......     34%         3    ###....


Dungeon Overview and Level Annotations

Branches:
Dungeon (2/15)

Altars:
Dithmenos


Message History

You closely miss the gnoll.
The gnoll is heavily wounded.
Your spectral weapon barely misses the gnoll.
The gnoll barely misses you.
You completely miss the gnoll.
The gnoll is heavily wounded.
Your spectral weapon hits the gnoll but does no damage.
The gnoll barely misses your spectral weapon.
The gnoll hits you from afar with a spear.
You take 2 damage, and have 9/29 hp.
You barely miss the gnoll.
The gnoll is heavily wounded.
Your spectral weapon hits the gnoll but does no damage.
You hit the gnoll but do no damage.
The gnoll is heavily wounded.
Your spectral weapon hits the gnoll but does no damage.
The gnoll hits you with a spear.
* * * LOW HITPOINT WARNING * * *
The gnoll hits you from afar with a spear!
You die...

##..## ..#. ...#.........#
...... ..# ##............#
..##... . ##..####.#.### .##
#... .. #..# #.#.### ..# ....
... #..# #.#.... ..........
#g.#### ##.# #.#.... ##....
#...##..g.## #.####.#.... #
#...##.....###(.####..##..#....
.
....$.......g@................
..
####...#...#....#...##..>....
.....>...............#..... #
########........##.#.####
#######........# #........#
#........# ##########


You could see 2 gnolls and a friendly spectral dagger of speed.

Vanquished Creatures
  A gnoll (D:1)
  An adder (D:2)
  3 dart slugs (D:1)
  3 leopard geckos (D:1)
  A ball python (D:1)
  5 bats
  A giant cockroach (D:2)
  3 goblins (D:1)
  5 hobgoblins
  3 jackals (D:2)
  4 kobolds
  4 frilled lizards
  8 rats
42 creatures vanquished.

Notes
Turn   | Place    | Note
-------+----------+-------------------------------------------
     0 | D:1      | Haldmier the High Elf Skald began the quest for the Orb.
     0 | D:1      | Reached XP level 1. HP: 14/14 MP: 4/4
   287 | D:1      | Reached skill level 3 in Long Blades
   375 | D:1      | Reached XP level 2. HP: 10/19 MP: 0/6
   587 | D:1      | Learned a level 2 spell: Shroud of Golubria
   701 | D:1      | Reached skill level 1 in Translocations
   990 | D:1      | Reached XP level 3. HP: 23/24 MP: 2/7
  1366 | D:1      | Learned a level 3 spell: Spectral Weapon
  1554 | D:2      | Found a shadowy altar of Dithmenos.
  1614 | D:2      | Reached skill level 4 in Long Blades
  1781 | D:1      | Reached skill level 1 in Hexes
  1781 | D:1      | Reached XP level 4. HP: 11/29 MP: 0/8
  2126 | D:2      | Mangled by a gnoll

Skill      XL: |  1  2  3 |
---------------+----------+-----
Long Blades    | 3 4 |  4.2
Translocations | 1 2 |  2.1
Hexes          | 1 |  1.0
Fighting       | |  2.0
Armour         | |  0.8
Dodging        | |  1.1
Spellcasting   | |  2.4
Charms         | |  3.6

Action                   |  1- 3 |  4- 6 || total
-------------------------+-------+-------++-------
Melee: Dagger            |   104 |    16 ||   120
       Falchion          |     2 |       ||     2
 Cast: Infusion          |    20 |     1 ||    21
       Shroud of Golubri |       |     1 ||     1
       Spectral Weapon   |       |     1 ||     1
 Stab: Sleeping          |     1 |       ||     1
  Eat: Chunk             |     3 |     1 ||     4
Armor: Leather armour    |    22 |       ||    22
Dodge: Dodged            |    41 |     5 ||    46
       Rpst.: Falchion   |     1 |       ||     1
